 Dungeon Crawl Stone Soup version 0.29-a0-330-g52719c12eb (webtiles) character file.

Game seed: 2346543955095369115

8019 kae the Arsonist (level 11, -10/74 HPs)
             Began as an Octopode Fire Elementalist on Apr 18, 2022.
             Was an Initiate of Ashenzari.
             Mangled by a vampire mosquito (12 damage)
             ... on level 10 of the Dungeon.
             The game lasted 00:10:47 (15300 turns).

kae the Arsonist (Octopode Fire Elementalist)      Turns: 15300, Time: 00:10:47

Health: -10/74     AC:  1    Str:  8    XL:     11   Next: 24%
Magic:  4/20       EV: 15    Int: 21    God:    Ashenzari [......]
Gold:   587        SH:  0    Dex: 13    Spells: 9/22 levels left

rFire   + . .      SeeInvis .   x - staff of fire
rCold   . . .      Faith    .   (no shield)
rNeg    + . .      Spirit   .   (helmet restricted)
rPois   .          Reflect  .   r - amulet "Repose of Ashenzari" {Acrobat, Melee, Alch} (curse)
rElec   .          Harm     .   q - ring of willpower
rCorr   .          Rampage  .   j - ring of positive energy
Will    +....                   (no ring)
Stlth   +++++.....              (no ring)
HPRegen 0.22/turn               (no ring)
MPRegen 0.17/turn               (no ring)
                                (no ring)
                                (no ring)

@: no status effects
A: almost no armour, amphibious, 8 rings, camouflage 1, gelatinous body 1,
(nimble swimmer 1), tentacles
a: Renounce Religion, Shatter the Chains


You were on level 10 of the Dungeon.
You worshipped Ashenzari.
Ashenzari was noncommittal.
You visited 2 branches of the dungeon, and saw 11 of its levels.

You collected 587 gold pieces.

Inventory:

Hand Weapons
 d - a +4 whip
Missiles
 k - 2 throwing nets
Magical Staves
 x - a staff of fire (weapon)
Jewellery
 j - a ring of positive energy (right tentacle)
 q - a ring of willpower (left tentacle)
 r - the cursed amulet "Repose of Ashenzari" (around mantle) {Acrobat, Melee, Alch}
   (You found it on level 4 of the Dungeon)

   [amulet of the acrobat]

   It increases your evasion while moving and waiting.
   It has a curse which improves the following skills: Melee Combat: Short
   Blades, Long Blades, Axes, Maces & Flails, Polearms, Staves and Unarmed
   Combat.
   Alchemy:   Poison Magic and Transmutations.
Wands
 b - a wand of iceblast (8)
 l - a wand of flame (9)
 p - a wand of polymorph (4)
Scrolls
 h - 2 scrolls of teleportation
 i - 3 scrolls of immolation
 t - a scroll of enchant armour
 u - a scroll of enchant weapon
Potions
 a - 2 potions of magic
 c - a potion of lignification
 e - 2 potions of heal wounds
 f - 4 potions of haste
 g - 3 potions of might
 m - a potion of invisibility
 n - 2 potions of brilliance {unknown}
 o - a potion of cancellation {unknown}
 s - a potion of resistance {unknown}
 v - a potion of attraction {unknown}
 w - a potion of curing {unknown}
 z - a potion of berserk rage {unknown}


   Skills:
 + Level 6.5 Fighting
 + Level 6.6 Dodging
 + Level 9.5 Stealth
 + Level 6.2 Spellcasting
 + Level 6.4 Conjurations
 * Level 9.7 Fire Magic


You had 9 spell levels left.
You knew the following spells:

 Your Spells              Type           Power      Damage    Failure   Level
a - Foxfire               Conj/Fire      100%       2x1d9     1%          1
b - Scorch                Fire           100%       2d10      1%          2
c - Conjure Flame         Conj/Fire      57%        6-21      1%          3
d - Inner Flame           Hex/Fire       40%        N/A       3%          3
e - Flame Wave            Conj/Fire      57%        2d11      3%          4

Your spell library contained the following spells:

 Spells                   Type           Power      Damage    Failure   Level
 Animate Skeleton         Necr           12%        N/A       10%         1
 Apportation              Tloc           12%        N/A       10%         1
 Slow                     Hex            24%        N/A       10%         1
 Summon Small Mammal      Summ           24%        N/A       10%         1
 Confusing Touch          Hex            6%         N/A       28%         3
 Vampiric Draining        Necr           6%         2d6       28%         3


Dungeon Overview and Level Annotations

Branches:
Dungeon (10/15)            Temple (1/1) D:6            Lair (0/6) D:8
    Orc: D:9-12

Altars:
Ashenzari
Cheibriados
Dithmenos
Elyvilon
Fedhas
Gozag
Hepliaklqana
Kikubaaqudgha
Makhleb
Nemelex Xobeh
Okawaru
Qazlal
Ru
Sif Muna
Trog
Uskayaw
Vehumet
Wu Jian
Xom
Yredelemnul
Zin
The Shining One

Shops:
D:1 (   D:2 :

Annotations:
D:3 exclusion: statue
D:4 1 runed translucent door, Crazy Yiuf
D:8 1 runed translucent door, exclusions: bullfrog and sky beast, MalarOregon's ghost, novice PaFi
D:9 Erolcha


Innate Abilities, Weirdness & Mutations

You cannot wear most types of armour.
You are amphibious.
You can wear up to eight rings at the same time.
Your skin changes colour to match your surroundings (Stealth+).
Your rubbery body absorbs attacks. (AC +1, EV +1)
((You are camouflaged when in or above water. (Stealth+)))
You have tentacles for arms and can constrict up to eight enemies at once.


Message History

You hit the gnoll shaman but do no damage.
You squeeze the gnoll shaman.
The gnoll shaman is heavily wounded.
You constrict the gnoll shaman.
The gnoll shaman hits you with a +0 whip!
You hit the gnoll shaman but do no damage.
You squeeze the gnoll shaman.
The gnoll shaman is almost dead.
You constrict the gnoll shaman.
You kill the gnoll shaman!
The vampire mosquito bites you!
The vampire mosquito draws strength from your injuries!
You hit the vampire mosquito. Your grab misses the vampire mosquito.
You squeeze the vampire mosquito!
The vampire mosquito is moderately damaged.
The vampire mosquito misses you.
An orc priest comes into view. It is wielding a +0 whip.
The vampire mosquito bites you.
The vampire mosquito draws strength from your injuries!
Casting: Scorch (safe; 1% risk of failure)
Confirm with . or Enter, or press ? or * to list all spells.
You feel a surge of power!
The fire begins to smoulder!
The orc priest shouts!
The vampire mosquito bites you!
The vampire mosquito draws strength from your injuries!
The vampire mosquito closely misses you.
Casting: Conjure Flame (safe; 1% risk of failure)
Confirm with . or Enter, or press ? or * to list all spells.
You feel a surge of power!
The fire ignites!
The vampire mosquito buzzes angrily.
You are engulfed in blazing flames.
You resist.
* * * LOW HITPOINT WARNING * * *
The vampire mosquito closely misses you.
A troll comes into view.
The vampire mosquito bites you!
* * * LOW HITPOINT WARNING * * *
The vampire mosquito draws strength from your injuries!
The vampire mosquito attacks as you move away!
The vampire mosquito bites you!
You die...

#. .# .. .##
..# #.# #.#
# #@# ..
#y#######.##
#gg..y......
##.o........
#..<.......
#...y......
##.........
#....T....
##.###....


You could see a troll, an orc warrior, 2 vampire mosquitoes and 2 gnolls.

Vanquished Creatures
  A two-headed ogre (D:8)
  Grinder (D:4)
  Prince Ribbit (D:7)
  Sigmund (D:6)
  7 yaks
  A wyvern (D:7)
  2 vampire mosquitoes (D:10)
  A steam dragon (D:8)
  Menkaure (D:4)
  2 water moccasins
  4 orc warriors
  2 sky beasts
  An ice beast (D:5)
  5 ogres
  5 centaurs
  8 bullfrogs
  3 kobold brigands
  2 gnoll sergeants (D:8)
  7 scorpions
  2 necrophages
  11 wights
  10 killer bees
  A howler monkey (D:5)
  2 jellies
  3 orc priests
  6 gnoll shamans
  4 hounds
  3 iguanas
  8 orc wizards
  26 gnolls
  9 adders
  A white imp (D:7)
  2 ufetubi
  2 worms
  3 dart slugs
  29 orcs
  7 ball pythons
  6 endoplasms
  3 giant cockroaches
  14 goblins
  6 hobgoblins
  3 quokkas
  3 bats
  3 frilled lizards
  6 kobolds
  8 rats
236 creatures vanquished.

Vanquished Creatures (collateral kills)
  4 foxfires (D:7)
4 creatures vanquished.

Vanquished Creatures (others)
  675 foxfires
  10 fungi
  17 plants
702 creatures vanquished.

Grand Total: 942 creatures vanquished

Notes
Turn   | Place    | Note
-------+----------+-------------------------------------------
     0 | D:1      | kae the Octopode Fire Elementalist began the quest for the
                  | Orb.
     0 | D:1      | Reached XP level 1. HP: 11/11 MP: 3/3
   515 | D:1      | Reached XP level 2. HP: 18/18 MP: 1/5
  1471 | D:1      | Reached XP level 3. HP: 3/22 MP: 2/6
  1474 | D:1      | Learned a level 2 spell: Scorch
  1478 | D:1      | Learned a level 3 spell: Conjure Flame
  1749 | D:1      | Found Zulil's Weapon Boutique.
  1782 | D:1      | Reached skill level 1 in Fighting
  1886 | D:1      | Found a faded altar of an unknown god.
  2614 | D:2      | Found Cuehyaxo's Book Shoppe.
  2752 | D:2      | Reached XP level 4. HP: 28/28 MP: 7/7
  3336 | D:3      | Reached XP level 5. HP: 33/33 MP: 5/8
  4045 | D:3      | Found a radiant altar of Vehumet.
  4045 | D:3      | Noticed a frost-covered statue
  4594 | D:4      | Found a runed translucent door.
  4595 | D:4      | Noticed Crazy Yiuf
  4892 | D:4      | Noticed Menkaure
  4900 | D:4      | Killed Menkaure
  4901 | D:4      | Reached XP level 6. HP: 39/39 MP: 4/10
  5229 | D:4      | Noticed Grinder
  5243 | D:4      | Killed Grinder
  5244 | D:4      | Reached skill level 5 in Fire Magic
  5244 | D:4      | Reached XP level 7. HP: 45/45 MP: 4/11
  5248 | D:4      | Learned a level 3 spell: Inner Flame
  5418 | D:5      | Entered Level 5 of the Dungeon
  5643 | D:5      | Reached skill level 5 in Stealth
  6130 | D:5      | Reached XP level 8. HP: 52/52 MP: 9/13
  6358 | D:5      | Learned a level 4 spell: Flame Wave
  6373 | D:6      | Noticed Sigmund
  6889 | D:6      | Found a staircase to the Ecumenical Temple.
  7021 | Temple   | Entered the Ecumenical Temple
  7381 | D:6      | Found a sparkling altar of Nemelex Xobeh.
  7702 | D:6      | Found a snail-covered altar of Cheibriados.
  7702 | D:6      | Found a stormy altar of Qazlal.
  7929 | D:6      | Reached XP level 9. HP: 58/58 MP: 10/15
  8090 | D:6      | Killed Sigmund
  8215 | D:6      | Found a white marble altar of Elyvilon.
  8215 | D:6      | Found a broken altar of Ashenzari.
  8221 | D:6      | Found a shimmering altar of Xom.
  8224 | D:6      | Found an ornate altar of the Wu Jian Council.
  8301 | D:6      | Became a worshipper of Ashenzari the Shackled
  8854 | D:7      | Reached skill level 5 in Dodging
  9002 | D:7      | Noticed Prince Ribbit
  9039 | D:7      | Killed Prince Ribbit
  9345 | D:7      | Reached skill level 5 in Spellcasting
  9345 | D:7      | Reached skill level 5 in Conjurations
  9445 | D:7      | Reached skill level 5 in Fighting
  9608 | D:7      | Reached XP level 10. HP: 66/66 MP: 12/17
 10271 | D:7      | Found a bloodstained altar of Trog.
 11513 | D:8      | Found a shimmering blue altar of Sif Muna.
 11814 | D:8      | Found a runed translucent door.
 11821 | D:8      | Noticed MalarOregon's ghost (novice PaFi)
 12545 | D:8      | Noticed a two-headed ogre
 12560 | D:8      | Killed a two-headed ogre
 12888 | D:7      | Reached XP level 11. HP: 44/72 MP: 12/20
 13341 | D:8      | Found a staircase to the Lair.
 13634 | D:9      | Noticed Erolcha
 13691 | D:8      | HP: 3/72 [poisoned by a killer bee]
 14287 | D:9      | Found a shimmering blue altar of Sif Muna.
 14315 | D:9      | Found a hazy altar of Hepliaklqana.
 14319 | D:9      | Found a flagged portal.
 15177 | D:10     | Entered Level 10 of the Dungeon
 15299 | D:10     | HP: 2/74 [vampire mosquito (11)]
 15300 | D:10     | Mangled by a vampire mosquito

Illustrated notes

Levels and vault maps discovered:
D:1:      co_arrival_random_square_maze, layout_loops_corners, serial_shops,
          nicolae_shop_bloodbath_and_beyond,
          shapermc_ecumenical_altar_flowoftime, minivault_19
D:2:      layout_rooms, serial_shops, nicolae_square_shop, corexii_corridor_pit
D:3:      layout_loops_corners, vehumet_statue, st_stairs_8
D:4:      layout_loops_ring, uniq_crazy_yiuf_cottage, uniq_grinder,
          uniq_menkaure
D:5:      layout_cave_pools
D:6:      nicolae_cairo_tiling_large, layout_loops_ring,
          nicolae_overflow_hallway_of_the_gods, mainiacjoe_overflow_alcove_2,
          minmay_temple_entry_proselytizer, uniq_sigmund
D:7:      kennysheep_seaside_town, layout_basic, trog_three_pillars_becter,
          uniq_prince_ribbit1
D:8:      layout_rooms, mainiacjoe_overflow_concentric_impassable,
          grunt_lair_entry_orc_guard_hut, hellmonk_ghost_big_iron,
          minmay_alternating_orb
D:9:      layout_rooms, enter_bailey_3, hangedman_feature_mirror, uniq_erolcha
D:10:     layout_basic, nrook_mini_backslash, hangedman_decor_diamond_cutter
Temple:   nicolae_temple_x_marks_the_god

Skill      XL: |  1  2  3  4  5  6  7  8  9 10 |
---------------+-------------------------------+-----
Stealth        | 3 4 5 6 7 9 |  9.5
Fighting       | 1 2 3 4 5 6 |  6.5
Fire Magic     | 4 5 6 8 9 |  9.7
Conjurations   | 2 3 4 5 6 |  6.4
Dodging        | 3 4 5 6 |  6.6
Spellcasting   | 3 4 5 6 |  6.2

Action                   |  1- 3 |  4- 6 |  7- 9 | 10-12 || total
-------------------------+-------+-------+-------+-------++-------
Melee: Whip              |    10 |    39 |    49 |    30 ||   128
       Constrict         |     5 |    13 |    13 |    12 ||    43
       Unarmed           |     2 |       |       |       ||     2
       Tentacles         |     1 |     7 |    17 |    19 ||    44
       Punch             |       |     1 |       |       ||     1
       Staff             |       |       |       |    13 ||    13
 Cast: Foxfire           |    62 |    68 |   137 |   142 ||   409
       Scorch            |       |     1 |    59 |   118 ||   178
       Conjure Flame     |       |       |     4 |    16 ||    20
       Inner Flame       |       |       |     1 |     1 ||     2
Invok: Curse Item        |       |       |       |     1 ||     1
Evoke: Wand              |       |       |     6 |       ||     6
  Use: Scroll            |     1 |     4 |     1 |     6 ||    12
       Potion            |       |     4 |     1 |     2 ||     7
 Stab: Sleeping          |     2 |     3 |       |     1 ||     6
       Distracted        |       |     1 |       |       ||     1
Armor: Skin              |     2 |     1 |    12 |     9 ||    24
Dodge: Dodged            |    27 |    45 |    66 |   240 ||   378

Table legend: (Time is in decaauts)
 A = Elapsed time spent in this place.
 B = Non-inter-level travel time spent in this place.
 C = Inter-level travel time spent in this place.
 D = Time resting spent in this place.
 E = Time spent auto-exploring this place.
 F = Levels seen in this place.
 G = Mean time per level.
                   A        B        C        D        E       F      G
               +--------+--------+--------+--------+--------+-----+--------+
         Total |  15327 |  14862 |    465 |   1814 |  10691 |  11 | 1393.4 |
       Dungeon |  15268 |  14811 |    457 |   1814 |  10645 |  10 | 1526.8 |
        Temple |     58 |     50 |      8 |      0 |     46 |   1 |   58.0 |
               +--------+--------+--------+--------+--------+-----+--------+

Top non-repeatable levels by time:
     D:7: 3217 daAuts
     D:6: 2662 daAuts
     D:1: 2371 daAuts
     D:8: 1599 daAuts
     D:9: 1254 daAuts
     D:3: 1082 daAuts
     D:5: 1020 daAuts
     D:4: 1005 daAuts
     D:2: 962 daAuts
    D:10: 91 daAuts
  Temple: 58 daAuts
